 Dungeon Crawl Stone Soup version 0.31-a0-868-g674d60d6f7 (webtiles) character file.

Game seed: 6167162545607241581

308 Gergoth the Chiller (level 6, -9/46 HPs)
             Began as a Merfolk Ice Elementalist on Oct 11, 2023.
             Was an Initiate of Ashenzari.
             Mangled by an ogre
             ... wielding a +0 giant club
              (30 damage)
             ... on level 5 of the Dungeon.
             The game lasted 00:12:39 (3858 turns).

Gergoth the Chiller (Merfolk Ice Elementalist)      Turns: 3858, Time: 00:12:39

Health: -9/46      AC:  9    Str:  8    XL:     6   Next: 40%
Magic:  7/10       EV: 10    Int: 16    God:    Ashenzari [......]
Gold:   166        SH:  4    Dex: 15    Spells: 6/10 levels left

rFire   . . .        g - +0 trident
rCold   . . .        r - +0 buckler
rNeg    . . .        e - +0 ring mail
rPois   .            (no helmet)
rElec   .            f - +2 cloak "Moon of the Stellar God" {Cun, Melee} (curse)
rCorr   .            (no gloves)
SInv    .            i - +0 pair of boots
Will    .....        (no amulet)
Stlth   +            u - ring of flight
HPRegen 0.27/turn    (no ring)
MPRegen 0.12/turn

%: no passive effects
@: flying
A: (nimble swimmer 2), mertail
a: Renounce Religion, Curse Item, Shatter the Chains


You were on level 5 of the Dungeon.
You worshipped Ashenzari.
Ashenzari was noncommittal.
You visited 1 branch of the dungeon, and saw 5 of its levels.

You collected 166 gold pieces.

Inventory:

Hand Weapons
 g - a +0 trident (weapon)
 w - the +1 mace of the Threshing King {heavy, *Noise rPois Int+5 SInv}
   (You found it on level 3 of the Dungeon)

   Int+5:     It affects your intelligence (+5).
   rPois:     It protects you from poison SInv: It lets you see invisible.
   *Noise:    It may make a loud noise when swung.
 z - a +0 halberd
Missiles
 j - 2 javelins
 y - 7 poisoned darts (quivered)
Armour
 e - a +0 ring mail (worn)
 f - the cursed +2 cloak "Moon of the Stellar God" (worn) {Cun, Melee}
   (You found it on level 1 of the Dungeon)

   It has a curse which improves the following skills: Cunning: Dodging and
   Stealth.
   Melee Combat: Short Blades, Long Blades, Axes, Maces & Flails, Polearms,
   Staves and Unarmed Combat.
 i - a +0 pair of boots (worn)
 r - a +0 buckler (worn)
 x - a +0 robe
 C - a +0 animal skin
 D - a +0 robe
 E - a scarf of invisibility
Jewellery
 u - a ring of flight (left hand)
Wands
 t - a wand of flame (15)
Scrolls
 a - 5 scrolls of identify
 c - 5 scrolls of immolation {unknown}
 d - 4 scrolls of teleportation {unknown}
 h - 2 scrolls of blinking {unknown}
 l - a scroll of revelation {unknown}
 n - a scroll of enchant armour
 o - a scroll of noise {unknown}
 q - a scroll of amnesia
Potions
 b - a potion of magic
 k - 4 potions of attraction
 m - a potion of enlightenment {unknown}
 p - 2 potions of curing {unknown}
 s - 2 potions of brilliance
 v - a potion of might {unknown}
 A - a potion of haste {unknown}
 B - 2 potions of ambrosia {unknown}


   Skills:
 + Level 2.6 Fighting
 + Level 3.2(3.5) Polearms
 + Level 1.0 Armour
 + Level 4.3(4.7) Dodging
 - Level 2.1(2.5) Stealth
 + Level 0.9 Shields
 - Level 2.8 Spellcasting
 + Level 5.3 Ice Magic


You had 6 spell levels left.
You knew the following spells:

 Your Spells              Type           Power      Damage    Failure   Level
a - Freeze                Ice            76%        1d8       11%         1
b - Frozen Ramparts       Ice            38%        1d6       32%         3

Your spell library contained the following spells:

 Spells                   Type           Power      Damage    Failure   Level
 Ozocubu's Armour         Ice            19%        N/A       32%         3
 Tukima's Dance           Hex            2%         N/A       96%         3
 Summon Ice Beast         Ice/Summ       10%        N/A       97%         4
 Dimensional Bullseye     Hex/Tloc       1%         N/A       100%        4
 Iskenderun's Mystic Bla  Conj/Tloc      2%         2d3       100%        4
 Summon Forest            Summ/Tloc      1%         N/A       100%        5
 Eringya's Noxious Bog    Tmut/Pois      1%         4d6       100%        6
 Summon Hydra             Summ           1%         N/A       100%        7


Dungeon Overview and Level Annotations

Branches:
Dungeon (5/15)
 Temple: D:4-7

Altars:
Ashenzari
Cheibriados
Gozag
Sif Muna
Trog
Yredelemnul
Zin

Shops:
D:2 *

Annotations:
D:3 Grinder
D:5 Edmund


Innate Abilities, Weirdness & Mutations

((You are very nimble when in or above water. (Stealth+, EV+, Speed+++)))
Your lower body shifts to a powerful aquatic tail in water.


Message History

You fly upwards.
There is a stone staircase leading down here.
There is a stone staircase leading down here.
You fly downwards.
Level annotation: Edmund
There is a stone staircase leading up here.
Throw: 8 darts (poison)
Press: ? - help, Q - select action, (/) - cycle Shift-Dir - straight line, f - ogre
Aim: an ogre, wielding a +0 giant club (wandering, hasn't noticed you, 72% to hit)
You throw a poisoned dart.
The poisoned dart completely misses the ogre.
You reach to attack!
You hit the ogre.
The ogre is lightly wounded.
The ogre barely misses you.
Casting: Freeze (safe; 11% risk of failure)
Confirm with . or Enter, or press ? or * to list all spells.
Aiming: Freeze (safe; 11% risk of failure)
Press: ? - help, Shift-Dir - straight line, f/p - ogre
Aim: an ogre, wielding a +0 giant club (lightly wounded)
You freeze the ogre.
The ogre is moderately wounded.
Casting: Freeze (safe; 11% risk of failure)
Confirm with . or Enter, or press ? or * to list all spells.
Aiming: Freeze (safe; 11% risk of failure)
Press: ? - help, Shift-Dir - straight line, f/p - ogre
Aim: an ogre, wielding a +0 giant club (moderately wounded)
You freeze the ogre.
The ogre is moderately wounded.
The ogre hits you with a +0 giant club!!
Ouch! That really hurt!
Casting: Freeze (safe; 11% risk of failure)
Confirm with . or Enter, or press ? or * to list all spells.
Aiming: Freeze (safe; 11% risk of failure)
Press: ? - help, Shift-Dir - straight line, f/p - ogre
Aim: an ogre, wielding a +0 giant club (moderately wounded)
You freeze the ogre.
The ogre is moderately wounded.
The ogre hits you with a +0 giant club!!
Ouch! That really hurt!
You die...

......#####...............#
....
............#.#.###.###...#
...8
............#.#...#.#...))#
............###.###.###..<#
........................###
###...................+...#
###...#####'###..##...##.##
# ......#
#.###.O<#...##.########
#######
#.....@.#...##.......#
######..##############
#......# #.###.## #.# #.#
#.# #.# #.###.# #.....#
#####.#


You could see an ogre.

Vanquished Creatures
  2 orc priests
  A hound (D:5)
  An orc wizard (D:5)
  4 gnolls
  6 adders
  2 worms
  3 dart slugs
  9 orcs
  6 endoplasms
  12 giant cockroaches
  3 goblins
  9 hobgoblins
  6 jackals
  4 kobolds
  A quokka (D:4)
  7 ball pythons
  6 bats
  A frilled lizard (D:2)
  4 rats
87 creatures vanquished.

Notes
Turn   | Place    | Note
-------+----------+-------------------------------------------
     0 | D:1      | Gergoth the Merfolk Ice Elementalist began the quest for
                  | the Orb.
     0 | D:1      | Reached XP level 1. HP: 13/13 MP: 3/3
   224 | D:1      | Reached XP level 2. HP: 20/20 MP: 5/5
   565 | D:2      | Reached skill level 1 in Polearms
   583 | D:2      | Reached skill level 1 in Fighting
   700 | D:2      | Reached XP level 3. HP: 26/26 MP: 0/6
   909 | D:2      | Found a faded altar of an unknown god.
  1166 | D:2      | Found Ismetaf's Assorted Antiques.
  1429 | D:3      | Identified the +1 mace of the Threshing King {heavy, *Noise
                  | rPois Int+5 SInv}
  1485 | D:3      | Reached XP level 4. HP: 31/32 MP: 7/7
  1599 | D:3      | Noticed Grinder
  1599 | D:3      | Paralysed by Grinder for 2 turns
  1741 | D:3      | Found a basalt altar of Yredelemnul.
  1741 | D:3      | Found a broken altar of Ashenzari.
  1757 | D:3      | Became a worshipper of Ashenzari the Shackled
  1953 | D:2      | Learned a level 3 spell: Frozen Ramparts
  1962 | D:2      | Reached XP level 5. HP: 26/38 MP: 6/9
  2014 | D:3      | Reached skill level 5 in Ice Magic
  2520 | D:4      | Found a shimmering blue altar of Sif Muna.
  3169 | D:5      | Entered Level 5 of the Dungeon
  3323 | D:5      | Noticed Edmund
  3457 | D:4      | Reached XP level 6. HP: 26/46 MP: 5/10
  3647 | D:5      | Reached skill level 1 in Armour
  3711 | D:5      | Found a bloodstained altar of Trog.
  3761 | D:5      | Found a glowing silver altar of Zin.
  3771 | D:5      | Found a snail-covered altar of Cheibriados.
  3774 | D:5      | Found an opulent altar of Gozag.
  3858 | D:5      | Mangled by an ogre

Illustrated notes

Levels and vault maps discovered:
D:1:      spicycebolla_green_bress_n_ham, layout_rooms
D:2:      minmay_roachtagon, layout_loops_ring, serial_shops,
          nicolae_shop_temple_entry_statues_fountains,
          hellmonk_ecumenical_altar_lost_god, minmay_misc_feat_tiny
D:3:      layout_basic, gammafunk_temple_overflow_pools, uniq_grinder
D:4:      layout_cave_pools, lemuel_blue_sif_altar, minmay_increasing_density
D:5:      layout_basic, nicolae_overflow_hidden_temple, bloody_trog,
          grunt_temple_overflow_open, temple_statues,
          minmay_misc_feat_nine_boxes, uniq_edmund

Skill      XL: |  1  2  3  4  5  6 |
---------------+-------------------+-----
Dodging        | 3 4 |  4.3
Polearms       | 1 2 3 |  3.2
Fighting       | 1 2 |  2.6
Ice Magic      | 5 |  5.3
Armour         | 1 |  1.0
Stealth        | |  2.1
Shields        | |  0.9
Spellcasting   | |  2.8

Action                     |  1- 3 |  4- 6 || total
---------------------------+-------+-------++-------
  Melee: Trident           |   109 |   105 ||   214
         Unarmed           |     1 |       ||     1
         Punch             |     1 |     1 ||     2
  Throw: Dart              |       |     1 ||     1
   Cast: Freeze            |    12 |    67 ||    79
 Invoke: Curse Item        |       |     1 ||     1
    Use: Scroll            |       |     7 ||     7
   Stab: Sleeping          |     7 |     1 ||     8
 Armour: Ring mail         |    73 |   121 ||   194
         Robe              |     1 |       ||     1
  Dodge: Dodged            |    59 |    97 ||   156
  Block: Buckler           |       |     8 ||     8

Table legend: (Time is in decaauts)
 A = Elapsed time spent in this place.
 B = Non-inter-level travel time spent in this place.
 C = Inter-level travel time spent in this place.
 D = Time resting spent in this place.
 E = Time spent auto-exploring this place.
 F = Levels seen in this place.
 G = Mean time per level.
                   A        B        C        D        E       F      G
               +--------+--------+--------+--------+--------+-----+--------+
         Total |   3911 |   3849 |     62 |    564 |   1829 |   5 |  782.2 |
       Dungeon |   3911 |   3849 |     62 |    564 |   1829 |   5 |  782.2 |
               +--------+--------+--------+--------+--------+-----+--------+

Top non-repeatable levels by time:
     D:2: 1089 daAuts
     D:4: 946 daAuts
     D:3: 850 daAuts
     D:1: 562 daAuts
     D:5: 463 daAuts
